 Dungeon Crawl Stone Soup version 0.29.0-4-gdea44cf6ec (webtiles) character file.

Game seed: 15526627589677954442

26985 qw the Severer (level 13, -7/103 HPs)
             Began as a Formicid Cinder Acolyte on Sept 3, 2022.
             Was an Initiate of Ignis.
             Mangled by a five-headed hydra (11 damage)
             ... on level 3 of the Lair of Beasts.
             The game lasted 00:08:56 (17383 turns).

qw the Severer (Formicid Cinder Acolyte)           Turns: 17383, Time: 00:08:57

Health: -7/103     AC: 30    Str: 21    XL:     13   Next: 62%
Magic:  23/23      EV:  8    Int: 15    God:    Ignis [......]
Gold:   748        SH:  6    Dex: 13    Spells: 14/14 levels left

rFire   + + +      SeeInvis +   r - +0 morningstar
rCold   . . .      Faith    .   h - +0 buckler
rNeg    . . .      Spirit   .   j - +3 plate armour {rF+}
rPois   .          Reflect  .   (helmet unavailable)
rElec   +          Harm     .   n - +2 cloak
rCorr   .          Rampage  inf b - +0 pair of gloves
Will    +....                   p - +3 pair of seven-league boots {Rampage+∞}
Stlth   ..........              e - amulet of the acrobat
HPRegen 0.27/turn               g - ring of False Pretenses {rElec rF++ MP+9 Str-2 Dex+4}
MPRegen 0.18/turn               l - +4 ring of protection

@: no status effects
A: permanent stasis, dig shafts and tunnels, antennae 3, four strong arms,
hooves 1, wild magic 1
a: Dig, Shaft Self, Renounce Religion, Rising Flame


You were on level 3 of the Lair of Beasts.
You worshipped Ignis.
Ignis was noncommittal.
You visited 2 branches of the dungeon, and saw 14 of its levels.

You collected 913 gold pieces.
You spent 165 gold pieces at shops.


Innate Abilities, Weirdness & Mutations

You cannot be hasted, slowed, berserked, paralysed or teleported.
You can dig through walls and to a lower floor.
You have a pair of large antennae on your head. (SInv)
Your four strong arms can wield two-handed weapons with a shield.
You have large cloven feet.
Your spells are a little harder to cast, but a little more powerful.


   Skills:
 + Level 10.1 Fighting
 - Level 16.0 Axes
 - Level 4.6 Throwing
 - Level 10.0 Armour
 - Level 4.2 Dodging
 - Level 8.1 Shields
 - Level 1.1 Spellcasting
 - Level 3.0 Fire Magic


You had 14 spell levels left.
You didn't know any spells.
Your spell library contained the following spells:

 Spells                   Type           Power      Damage    Failure   Level
 Scorch                   Fire           24%        2d6       92%         2

Inventory:

Hand Weapons
 r - a +0 morningstar (weapon)
 Y - a +3 executioner's axe of venom
Armour
 b - a +0 pair of gloves (worn)
 h - a +0 buckler (worn)
 j - a +3 plate armour of fire resistance (worn)
 n - a +2 cloak (worn)
 p - the +3 pair of seven-league boots (worn) {Rampage+∞}
   (You found it on level 2 of the Lair of Beasts)

   Its wearer moves as far as possible in that direction when moving towards
   enemies.
Jewellery
 e - an amulet of the acrobat (around neck)
 f - a ring of protection from fire
 g - the ring of False Pretenses (left hand) {rElec rF++ MP+9 Str-2 Dex+4}
   (You found it on level 3 of the Dungeon)

   [ring of magical power]

   Str:       It affects your strength (-2).
   Dex:       It affects your dexterity (+4).
   rF:        It greatly protects you from fire.
   rElec:     It insulates you from electricity.
   MP:        It affects your magic capacity (+9).
 l - a +4 ring of protection (right hand)
 s - a +6 ring of strength
Scrolls
 a - 6 scrolls of identify
Potions
 d - a potion of mutation
 k - 7 potions of curing
 m - 4 potions of might
 q - a potion of cancellation

Dungeon Overview and Level Annotations

Branches:
Dungeon (11/15)            Temple (0/1) D:4            Lair (3/5) D:11
    Orc (0/2) D:11
  Swamp: Lair:2-3    Shoals: Lair:2-3     Snake: Lair:2-3    Spider: Lair:2-3

Altars:
Ashenzari
Cheibriados
Dithmenos
Elyvilon
Fedhas
Kikubaaqudgha
Okawaru
Qazlal
Ru
Sif Muna
Trog
Uskayaw
Vehumet
Wu Jian
Xom

Shops:
D:1 :   D:3 *   D:4 [(!??

Portals:
Trove: D:11 (give +4 demon whip)

Annotations:
D:6 1 runed translucent door, qw's ghost, novice FoCA
Lair:2 1 runed translucent door, qw's ghost, journeyman TeWr


Message History

The five-headed hydra is severely wounded.
The five-headed hydra bites you but does no damage.
The five-headed hydra completely misses you.
The five-headed hydra bites you but does no damage. x3
The five-headed hydra completely misses you.
The five-headed hydra closely misses you.
The five-headed hydra bites you but does no damage.
The five-headed hydra bites you.
The five-headed hydra bites you but does no damage.
You sock the five-headed hydra!
The five-headed hydra is almost dead.
You block the five-headed hydra's attack.
The five-headed hydra bites you.
The five-headed hydra bites you but does no damage.
The five-headed hydra bites you! The five-headed hydra bites you.
The five-headed hydra bites you but does no damage. x2
The five-headed hydra bites you.
The five-headed hydra bites you but does no damage.
The five-headed hydra completely misses you.
You barely miss the five-headed hydra.
The five-headed hydra is almost dead.
You block the five-headed hydra's attack.
The five-headed hydra completely misses you.
The five-headed hydra bites you.
You block the five-headed hydra's attack.
The five-headed hydra bites you.
The five-headed hydra closely misses you.
The five-headed hydra completely misses you.
The five-headed hydra bites you but does no damage. x3
You puncture the five-headed hydra!
The five-headed hydra is almost dead.
You block the five-headed hydra's attack.
The five-headed hydra bites you but does no damage.
The five-headed hydra bites you. x2
The five-headed hydra barely misses you.
You hit the five-headed hydra.
You kill the five-headed hydra!
The five-headed hydra bites you but does no damage. x2
The five-headed hydra bites you!
You die... 777777

### ## 77~PP~77 7@#### ####.###..
### 7~~~~P~7777FDB.###........#.
#.7#77~~~~~~~~77..h..##..........
.(.77~~~~~~~~~~7.................
...77~~~~~~~~~~7........00......#
...7~PP~~~~~~~~7................#
...7P~~~~~~P~~P7..............#
#P..~~P~~~~P~PP........?.....##
.P..~~PP~~~~PPP~.............#


You could see a boulder beetle, a five-headed hydra, a cane toad and a black
bear.

Vanquished Creatures
  Erica (D:11)
  3 boulder beetles
  5 hydras
  An ogre mage (D:11)
  4 two-headed ogres
  A deep troll (D:11)
  3 elephants (Lair:3)
  A cyclops (D:11)
  A guardian serpent (Lair:2)
  A black mamba (Lair:2)
  3 cane toads (Lair:1)
  A gargoyle (D:11)
  2 unseen horrors (D:11)
  A rime drake (Lair:2)
  2 komodo dragons
  3 trolls
  Grinder (D:6)
  3 blink frogs (Lair:2)
  25 yaks
  A vampire (D:11)
  4 wyverns
  A wraith (D:11)
  A basilisk (Lair:2)
  12 water moccasins
  3 orc warriors
  3 black bears
  3 sky beasts
  An ogre (D:6)
  An ice beast (D:6)
  20 wolves
  5 centaurs
  A phantom (D:4)
  4 kobold brigands
  12 bullfrogs
  A gnoll sergeant (D:7)
  A water moccasin zombie (D:7)
  5 wyvern zombies (D:7)
  4 scorpions
  16 wights
  4 howler monkeys (D:11)
  2 bullfrog zombies (D:7)
  3 centaur zombies (D:7)
  A hound (D:4)
  A jelly (D:8)
  5 orc priests
  A gnoll bouda (D:9)
  5 iguanas
  7 hell rats (Lair:1)
  6 orc wizards
  5 killer bee zombies (D:7)
  3 howler monkey zombies (D:7)
  Robin (D:4)
  20 gnolls
  6 adders
  2 white imps (D:7)
  An ufetubus (D:5)
  4 worms
  4 dart slugs
  27 orcs
  5 bats
  9 endoplasms
  5 giant cockroaches
  17 goblins
  10 hobgoblins
  6 jackals
  22 kobolds
  6 quokkas
  12 ball pythons
  3 frilled lizards
  3 rats
367 creatures vanquished.

Vanquished Creatures (others)
  31 fungi
  34 plants
  5 withered plants (D:7)
70 creatures vanquished.

Grand Total: 437 creatures vanquished

Notes
Turn   | Place    | Note
-------+----------+-------------------------------------------
     0 | D:1      | qw the Formicid Cinder Acolyte began the quest for the Orb.
     0 | D:1      | Reached XP level 1. HP: 18/18 MP: 2/2
     0 | D:1      | 0 ||| qw: Version: 0.1-a-102-g441f92d
     0 | D:1      | 0 ||| qw: Game counter: 5153
     0 | D:1      | 0 ||| qw: Always use a shield: true
     0 | D:1      | 0 ||| qw: God list: Okawaru
     0 | D:1      | 0 ||| qw: Allow faded altars: false
     0 | D:1      | 0 ||| qw: Do Orc after D:15 true
     0 | D:1      | 0 ||| qw: Do second Lair branch before Depths: true
     0 | D:1      | 0 ||| qw: Lair rune preference: random
     0 | D:1      | 0 ||| qw: Plans: Normal
     0 | D:1      | 0 ||| PLANNING D:1-11
    71 | D:1      | Found Vuikloos's Book Boutique.
    85 | D:1      | 85 ||| Stepping randomly (stuck).
   280 | D:1      | Reached XP level 2. HP: 24/24 MP: 3/3
   546 | D:1      | 546 ||| Stepping ~*~*~tactically~*~*~ (hiding).
   549 | D:1      | 549 ||| Stepping ~*~*~tactically~*~*~ (hiding).
   558 | D:1      | Reached skill level 4 in Axes
   558 | D:1      | Reached XP level 3. HP: 29/29 MP: 4/4
   661 | D:1      | 661 ||| Stepping ~*~*~tactically~*~*~ (stealth).
  1165 | D:1      | Reached skill level 1 in Dodging
  1408 | D:1      | Found a faded altar of an unknown god.
  1555 | D:1      | 1555 ||| READING 2 scrolls labelled ATAPEU CACEU.
  1556 | D:1      | 1556 ||| READING scroll labelled JEHIGIUNIF.
  1557 | D:1      | 1557 ||| READING scroll labelled PECA IMORYDI.
  1558 | D:1      | 1558 ||| READING scroll labelled BOACRU HOISATI.
  1559 | D:1      | 1559 ||| READING scroll labelled HEWOOLONLI.
  1560 | D:1      | 1560 ||| DRINKING 2 amethyst potions.
  1561 | D:1      | 1561 ||| Stepping randomly (stuck).
  1562 | D:1      | 1562 ||| Stepping ~*~*~tactically~*~*~ (cloud).
  2004 | D:2      | 2004 ||| Stepping ~*~*~tactically~*~*~ (stealth).
  2005 | D:2      | 2005 ||| Stepping ~*~*~tactically~*~*~ (stealth).
  2013 | D:2      | 2013 ||| Stepping ~*~*~tactically~*~*~ (stealth).
  2074 | D:2      | Reached XP level 4. HP: 35/35 MP: 5/5
  2129 | D:2      | 2129 ||| INVOKING Fiery Armour.
  2352 | D:2      | 2352 ||| DROPPING +0 club.
  2432 | D:2      | 2432 ||| Stepping ~*~*~tactically~*~*~ (stealth).
  2433 | D:2      | 2433 ||| Stepping ~*~*~tactically~*~*~ (stealth).
  2644 | D:2      | 2644 ||| Stepping ~*~*~tactically~*~*~ (stealth).
  2738 | D:2      | 2738 ||| READING scroll of brand weapon.
  2738 | D:2      | 2738 ||| BRANDING +0 hand axe of venom.
  2893 | D:2      | 2893 ||| Stepping ~*~*~tactically~*~*~ (hiding).
  2995 | D:2      | 2995 ||| Stepping ~*~*~tactically~*~*~ (hiding).
  3097 | D:2      | 3097 ||| Stepping ~*~*~tactically~*~*~ (hiding).
  3596 | D:2      | 3596 ||| UPGRADING to +0 leather armour.
  3606 | D:2      | 3606 ||| DROPPING +0 robe.
  3607 | D:2      | 3607 ||| UPGRADING to +0 buckler.
  3612 | D:2      | 3612 ||| DRINKING 2 fuming black potions.
  3613 | D:2      | 3613 ||| DROPPING potion of degeneration.
  3717 | D:3      | 3717 ||| Stepping ~*~*~tactically~*~*~ (stealth).
  3726 | D:3      | 3726 ||| Stepping ~*~*~tactically~*~*~ (stealth).
  3728 | D:3      | Reached skill level 1 in Shields
  3757 | D:3      | 3757 ||| Stepping ~*~*~tactically~*~*~ (stealth).
  3761 | D:3      | 3761 ||| FLEEEEING.
  3811 | D:3      | 3811 ||| Stepping ~*~*~tactically~*~*~ (stealth).
  3812 | D:3      | 3812 ||| DROPPING +0 mace.
  3814 | D:3      | 3814 ||| Stepping ~*~*~tactically~*~*~ (hiding).
  3819 | D:3      | 3819 ||| INVOKING Fiery Armour.
  3825 | D:3      | Reached XP level 5. HP: 35/41 MP: 6/6
  3828 | D:3      | 3828 ||| FLEEEEING.
  3834 | D:3      | 3834 ||| FLEEEEING.
  3835 | D:3      | 3835 ||| FLEEEEING.
  3839 | D:3      | 3839 ||| Stepping ~*~*~tactically~*~*~ (hiding).
  3840 | D:3      | 3840 ||| Stepping ~*~*~tactically~*~*~ (hiding).
  3846 | D:3      | Reached skill level 5 in Axes
  3918 | D:3      | Identified the ring of False Pretenses {rElec rF++ MP+9
                  | Str-2 Dex+4}
  3943 | D:3      | Found Menamoic's General Store.
  3953 | D:3      | 3953 ||| BUYING +0 chain mail (49 gold).
  3953 | D:3      | Bought a +0 chain mail for 49 gold pieces
  3953 | D:3      | 3953 ||| SHOPLISTING amulet of reflection (330 gold, have
                  | 39).
  3953 | D:3      | 3953 ||| SHOPLISTING scroll of enchant weapon (82 gold,
                  | have 39).
  4046 | D:3      | 4046 ||| Stepping ~*~*~tactically~*~*~ (stealth).
  4369 | D:3      | 4369 ||| Stepping ~*~*~tactically~*~*~ (stealth).
  4615 | D:3      | 4615 ||| Stepping ~*~*~tactically~*~*~ (stealth).
  4617 | D:3      | 4617 ||| Stepping ~*~*~tactically~*~*~ (stealth).
  4640 | D:3      | 4640 ||| Stepping ~*~*~tactically~*~*~ (stealth).
  4873 | D:3      | 4873 ||| UPGRADING to +0 chain mail.
  4883 | D:3      | 4883 ||| DROPPING +0 leather armour.
  4884 | D:3      | 4884 ||| UPGRADING to +4 chain mail.
  4894 | D:3      | 4894 ||| DROPPING +0 chain mail.
  4895 | D:3      | 4895 ||| UPGRADING to ring of False Pretenses {rElec rF++
                  | MP+9 Str-2 Dex+4}.
  4926 | D:3      | 4926 ||| Stepping ~*~*~tactically~*~*~ (stealth).
  4960 | D:3      | 4960 ||| UPGRADING to ring of protection from fire.
  4961 | D:3      | 4961 ||| READING scroll labelled ILIAREINWUJ.
  4962 | D:3      | 4962 ||| READING scroll labelled ZEHOGUTOSU.
  5070 | D:3      | 5070 ||| READING scroll labelled RUPIAX CYNEI.
  5071 | D:3      | 5071 ||| DRINKING 2 golden potions.
  5071 | D:3      | Gained mutation: Your muscles are strong. (Str +4, Int/Dex
                  | -1) [potion of mutation]
  5071 | D:3      | Lost mutation: Your muscles are strong. (Str +4, Int/Dex
                  | -1) [potion of mutation]
  5071 | D:3      | Gained mutation: Your spells are a little harder to cast,
                  | but a little more powerful. [potion of mutation]
  5071 | D:3      | Gained mutation: You have large cloven feet. [potion of
                  | mutation]
  5072 | D:3      | 5072 ||| DRINKING 2 viscous black potions.
  5107 | D:4      | Found Umulaih's Antique Armour Emporium.
  5126 | D:4      | Reached XP level 6. HP: 45/47 MP: 7/7
  5184 | D:4      | Found a staircase to the Ecumenical Temple.
  5195 | D:4      | Noticed Robin
  5198 | D:4      | Reached skill level 1 in Armour
  5203 | D:4      | 5203 ||| INVOKING Fiery Armour.
  5208 | D:4      | Killed Robin
  5409 | D:4      | Found a broken altar of Ashenzari.
  5460 | D:4      | 5460 ||| READING scroll of enchant weapon.
  5460 | D:4      | 5460 ||| ENCHANTING +0 hand axe of freezing.
  5473 | D:4      | Found Doetusch's Magic Scroll Shoppe.
  5482 | D:4      | 5482 ||| BUYING scroll of identify (24 gold).
  5482 | D:4      | Bought a scroll of identify for 24 gold pieces
  5482 | D:4      | 5482 ||| BUYING scroll of identify (24 gold).
  5482 | D:4      | Bought a scroll of identify for 24 gold pieces
  5482 | D:4      | 5482 ||| BUYING scroll of identify (24 gold).
  5482 | D:4      | Bought a scroll of identify for 24 gold pieces
  5504 | D:4      | 5504 ||| Stepping ~*~*~tactically~*~*~ (stealth).
  5564 | D:4      | Found Sossirey's Magic Scroll Boutique.
  5569 | D:4      | 5569 ||| SHOPLISTING scroll of enchant armour (82 gold,
                  | have 54).
  5569 | D:4      | 5569 ||| BUYING scroll of identify (22 gold).
  5569 | D:4      | Bought a scroll of identify for 22 gold pieces
  5569 | D:4      | 5569 ||| BUYING scroll of identify (22 gold).
  5569 | D:4      | Bought a scroll of identify for 22 gold pieces
  5569 | D:4      | 5569 ||| SHOPLISTING scroll of identify (22 gold, have 10).
  5627 | D:4      | Found Laish's Distillery.
  5635 | D:4      | 5635 ||| SHOPLISTING potion of curing (36 gold, have 10).
  5635 | D:4      | 5635 ||| SHOPLISTING potion of heal wounds (60 gold, have
                  | 10).
  5635 | D:4      | 5635 ||| SHOPLISTING potion of might (48 gold, have 10).
  5635 | D:4      | 5635 ||| SHOPLISTING potion of mutation (96 gold, have 10).
  5788 | D:4      | Found Vuuc's Weapon Shoppe.
  5839 | D:4      | Reached skill level 6 in Axes
  5839 | D:4      | Reached XP level 7. HP: 41/52 MP: 8/8
  5884 | D:4      | 5884 ||| Stepping ~*~*~tactically~*~*~ (stealth).
  5933 | D:4      | Found a radiant altar of Vehumet.
  5933 | D:4      | Found a snail-covered altar of Cheibriados.
  6006 | D:4      | 6006 ||| UPGRADING to ring of willpower.
  6008 | D:4      | 6008 ||| READING scroll labelled JYD YZXOVU.
  6009 | D:4      | 6009 ||| READING 7 scrolls of identify.
  6009 | D:4      | 6009 ||| IDENTIFYING bubbling silvery potion
  6010 | D:4      | 6010 ||| READING 6 scrolls of identify.
  6010 | D:4      | 6010 ||| IDENTIFYING metallic orange potion
  6011 | D:4      | 6011 ||| READING 5 scrolls of identify.
  6011 | D:4      | 6011 ||| IDENTIFYING smoky purple potion
  6012 | D:4      | 6012 ||| DROPPING potion of berserk rage.
  6013 | D:4      | 6013 ||| DROPPING potion of flight.
  6020 | D:5      | Entered Level 5 of the Dungeon
  6180 | D:5      | 6180 ||| DROPPING +0 vorpal mace.
  6293 | D:5      | 6293 ||| Stepping ~*~*~tactically~*~*~ (hiding).
  6294 | D:5      | 6294 ||| Stepping ~*~*~tactically~*~*~ (hiding).
  6530 | D:5      | 6530 ||| Stepping ~*~*~tactically~*~*~ (stealth).
  6721 | D:5      | 6721 ||| Stepping ~*~*~tactically~*~*~ (stealth).
  6737 | D:5      | Reached skill level 7 in Axes
  6737 | D:5      | Reached XP level 8. HP: 45/60 MP: 9/9
  7000 | D:5      | 7000 ||| READING 4 scrolls of identify.
  7000 | D:5      | 7000 ||| IDENTIFYING metallic yellow potion
  7001 | D:5      | 7001 ||| DROPPING potion of invisibility.
  7093 | D:6      | Found a runed translucent door.
  7095 | D:6      | Noticed qw's ghost (novice FoCA)
  7366 | D:6      | 7366 ||| Stepping ~*~*~tactically~*~*~ (stealth).
  7372 | D:6      | 7372 ||| Stepping ~*~*~tactically~*~*~ (stealth).
  7409 | D:6      | Reached skill level 8 in Axes
  7517 | D:6      | Reached skill level 3 in Armour
  7675 | D:6      | Noticed Grinder
  7688 | D:6      | Killed Grinder
  7689 | D:6      | Reached skill level 6 in Fighting
  7786 | D:6      | Reached XP level 9. HP: 65/69 MP: 10/10
  7808 | D:6      | 7808 ||| Stepping ~*~*~tactically~*~*~ (hiding).
  8050 | D:6      | 8050 ||| UPGRADING to +2 cloak.
  8055 | D:6      | 8055 ||| UPGRADING to +6 ring of strength.
  8057 | D:6      | 8057 ||| READING scroll labelled HAWEQU GITEIMEMIJA.
  8058 | D:6      | 8058 ||| READING 4 scrolls of identify.
  8058 | D:6      | 8058 ||| IDENTIFYING cyan potion
  8059 | D:6      | 8059 ||| READING 3 scrolls of identify.
  8059 | D:6      | 8059 ||| IDENTIFYING purple potion
  8060 | D:6      | 8060 ||| DROPPING potion of attraction.
  8085 | D:7      | Reached skill level 9 in Axes
  8373 | D:7      | 8373 ||| Stepping ~*~*~tactically~*~*~ (stealth).
  8380 | D:7      | 8380 ||| INVOKING Fiery Armour.
  8503 | D:7      | Reached skill level 10 in Axes
  8652 | D:7      | 8652 ||| INVOKING Fiery Armour.
  8684 | D:7      | 8684 ||| Stepping ~*~*~tactically~*~*~ (stealth).
  8697 | D:7      | HP: 15/67 [wyvern zombie (7)]
  8698 | D:7      | 8698 ||| DRINKING potion of heal wounds.
  9107 | D:7      | Reached XP level 10. HP: 61/79 MP: 11/11
  9453 | D:7      | 9453 ||| DROPPING +0 flail.
  9545 | D:7      | Reached skill level 11 in Axes
  9597 | D:7      | Found an ancient bone altar of Kikubaaqudgha.
  9598 | D:7      | Found a blossoming altar of Fedhas.
  9756 | D:7      | 9756 ||| Stepping ~*~*~tactically~*~*~ (hiding).
  9962 | D:7      | 9962 ||| Stepping ~*~*~tactically~*~*~ (stealth).
  9964 | D:7      | 9964 ||| Stepping ~*~*~tactically~*~*~ (stealth).
 10152 | D:7      | 10152 ||| UPGRADING to amulet of the acrobat.
 10264 | D:8      | 10264 ||| DROPPING +3 flail.
 10297 | D:8      | 10297 ||| Stepping ~*~*~tactically~*~*~ (hiding).
 10409 | D:8      | Found an iron altar of Okawaru.
 10425 | D:8      | 10425 ||| DROPPING +2 flail of protection.
 10451 | D:8      | 10451 ||| SWAPPING to +3 battleaxe.
 10452 | D:8      | 10452 ||| DROPPING +1 hand axe of freezing.
 10512 | D:8      | 10512 ||| Stepping ~*~*~tactically~*~*~ (hiding).
 10658 | D:8      | Found a bloodstained altar of Trog.
 10798 | D:8      | Found a hide-covered altar of Uskayaw.
 10875 | D:8      | 10875 ||| SWAPPING to +0 executioner's axe.
 10876 | D:8      | 10876 ||| DROPPING +3 battleaxe.
 10879 | D:8      | 10879 ||| READING scroll of enchant weapon.
 10879 | D:8      | 10879 ||| ENCHANTING +0 executioner's axe.
 10962 | D:8      | Found a white marble altar of Elyvilon.
 11140 | D:8      | 11140 ||| UPGRADING to +0 pair of gloves.
 11145 | D:8      | 11145 ||| READING scroll labelled AQIWIMA CAMP.
 11146 | D:8      | 11146 ||| READING 3 scrolls labelled KACIPH KOCVIOXKE.
 11147 | D:8      | 11147 ||| DROPPING 2 scrolls of summoning.
 11178 | D:9      | You fall into a shaft and drop 2 floors!
 11183 | D:11     | Noticed an ogre mage
 11183 | D:11     | Noticed an unseen horror
 11183 | D:11     | Noticed a cyclops
 11184 | D:11     | 11184 ||| INVOKING Fiery Armour.
 11188 | D:11     | Reached skill level 6 in Shields
 11189 | D:11     | Killed a cyclops
 11192 | D:11     | Killed an unseen horror
 11195 | D:11     | Killed an ogre mage
 11196 | D:11     | Reached skill level 12 in Axes
 11270 | D:11     | Noticed a deep troll
 11270 | D:11     | Noticed a two-headed ogre
 11274 | D:11     | Reached XP level 11. HP: 86/86 MP: 12/12
 11276 | D:11     | Killed a two-headed ogre
 11279 | D:11     | Killed a deep troll
 11280 | D:11     | Reached skill level 6 in Armour
 11316 | D:11     | 11316 ||| READING scroll of brand weapon.
 11316 | D:11     | 11316 ||| BRANDING +1 executioner's axe.
 11343 | D:11     | Noticed a four-headed hydra
 11344 | D:11     | 11344 ||| INVOKING Fiery Armour.
 11344 | D:11     | Noticed a two-headed ogre
 11345 | D:11     | 11345 ||| SWAPPING to +0 morningstar.
 11348 | D:11     | 11348 ||| Stepping ~*~*~tactically~*~*~ (outnumbered).
 11352 | D:11     | Killed a two-headed ogre
 11354 | D:11     | Killed a four-headed hydra
 11355 | D:11     | Reached skill level 13 in Axes
 11355 | D:11     | 11355 ||| SWAPPING to +1 executioner's axe of venom.
 11488 | D:11     | 11488 ||| DROPPING ring of ice.
 11489 | D:11     | 11489 ||| UPGRADING to +4 ring of protection.
 11491 | D:11     | 11491 ||| DROPPING ring of willpower.
 11493 | D:11     | Noticed Erica
 11494 | D:11     | 11494 ||| INVOKING Fiery Armour.
 11501 | D:11     | Killed Erica
 11521 | D:10     | Entered Level 10 of the Dungeon
 11532 | D:9      | 11532 ||| READING scroll of enchant weapon.
 11532 | D:9      | 11532 ||| ENCHANTING +1 executioner's axe of venom.
 11569 | D:9      | Reached skill level 9 in Fighting
 11712 | D:9      | Found an ornate altar of the Wu Jian Council.
 12077 | D:9      | 12077 ||| Stepping ~*~*~tactically~*~*~ (stealth).
 12079 | D:9      | 12079 ||| INVOKING Fiery Armour.
 12084 | D:9      | Reached skill level 1 in Throwing
 12092 | D:9      | Reached skill level 3 in Throwing
 12191 | D:9      | Found a sacrificial altar of Ru.
 12192 | D:9      | Found a stormy altar of Qazlal.
 12279 | D:9      | Found a shimmering altar of Xom.
 12279 | D:9      | Found a shimmering blue altar of Sif Muna.
 12287 | D:9      | Found a faded altar of an unknown god.
 12289 | D:9      | Found a shadowy altar of Dithmenos.
 12291 | D:9      | Found a faded altar of an unknown god.
 12317 | D:9      | 12317 ||| READING scroll labelled IHEZAG LIUJUXEC.
 12318 | D:9      | 12318 ||| READING scroll labelled KEHULO ONWE.
 12319 | D:9      | 12319 ||| READING 5 scrolls of identify.
 12319 | D:9      | 12319 ||| IDENTIFYING bubbling ruby potion
 12320 | D:9      | 12320 ||| DROPPING potion of magic.
 12418 | D:10     | 12418 ||| READING scroll labelled HUOBIU MYRAED.
 12560 | D:11     | 12560 ||| Stepping ~*~*~tactically~*~*~ (water).
 12585 | D:11     | Noticed a boulder beetle
 12586 | D:11     | 12586 ||| INVOKING Fiery Armour.
 12592 | D:11     | Noticed a two-headed ogre
 12598 | D:11     | Killed a two-headed ogre
 12599 | D:11     | Reached XP level 12. HP: 88/95 MP: 13/13
 12606 | D:11     | Killed a boulder beetle
 12608 | D:11     | 12608 ||| Stepping ~*~*~tactically~*~*~ (stealth).
 12789 | D:11     | Noticed a seven-headed hydra
 12790 | D:11     | 12790 ||| SWAPPING to +0 morningstar.
 12791 | D:11     | 12791 ||| INVOKING Fiery Armour.
 12794 | D:11     | Killed a seven-headed hydra
 12795 | D:11     | 12795 ||| SWAPPING to +2 executioner's axe of venom.
 12845 | D:11     | Reached skill level 14 in Axes
 12859 | D:11     | 12859 ||| Stepping ~*~*~tactically~*~*~ (stealth).
 12987 | D:11     | Noticed a six-headed hydra
 12988 | D:11     | 12988 ||| INVOKING Fiery Armour.
 12990 | D:11     | 12990 ||| SWAPPING to +0 morningstar.
 12995 | D:11     | Killed a six-headed hydra
 12996 | D:11     | 12996 ||| SWAPPING to +2 executioner's axe of venom.
 13065 | D:11     | Found a portal to a secret trove of treasure.
 13168 | D:11     | Found a staircase to the Lair.
 13200 | D:11     | Found a staircase to the Orcish Mines.
 13252 | D:11     | 13252 ||| UPGRADING to +2 chain mail of cold resistance.
 13262 | D:11     | 13262 ||| UPGRADING to +1 plate armour of fire resistance.
 13272 | D:11     | 13272 ||| DROPPING +2 chain mail of cold resistance.
 13273 | D:11     | 13273 ||| DROPPING +4 chain mail.
 13453 | D:10     | 13453 ||| READING scroll of enchant armour.
 13453 | D:10     | 13453 ||| ENCHANTING +1 plate armour of fire resistance.
 13472 | D:10     | 13472 ||| READING scroll of enchant weapon.
 13472 | D:10     | 13472 ||| ENCHANTING +2 executioner's axe of venom.
 13762 | D:10     | Noticed a two-headed ogre
 13770 | D:10     | Killed a two-headed ogre
 13976 | D:10     | 13976 ||| DROPPING orb of energy.
 14041 | D:10     | 14041 ||| Stepping randomly (stuck).
 14042 | D:10     | 14042 ||| PLANNING LAIR
 14068 | Lair:1   | Entered Level 1 of the Lair of Beasts
 14068 | Lair:1   | Noticed a seven-headed hydra
 14069 | Lair:1   | 14069 ||| SWAPPING to +0 morningstar.
 14070 | Lair:1   | 14070 ||| INVOKING Fiery Armour.
 14074 | Lair:1   | Killed a seven-headed hydra
 14075 | Lair:1   | 14075 ||| SWAPPING to +3 executioner's axe of venom.
 14268 | Lair:1   | Reached skill level 9 in Armour
 14351 | Lair:1   | 14351 ||| Stepping ~*~*~tactically~*~*~ (stealth).
 14445 | Lair:1   | Noticed a boulder beetle
 14445 | Lair:1   | You fall into a shaft and drop 1 floor!
 14504 | Lair:2   | 14504 ||| Stepping ~*~*~tactically~*~*~ (stealth).
 14630 | Lair:2   | Noticed a boulder beetle
 14631 | Lair:2   | 14631 ||| Stepping ~*~*~tactically~*~*~ (water).
 14632 | Lair:2   | 14632 ||| INVOKING Fiery Armour.
 14642 | Lair:2   | Killed a boulder beetle
 14643 | Lair:2   | Reached XP level 13. HP: 50/103 MP: 14/14
 14850 | Lair:2   | Found the +3 pair of seven-league boots {Rampage+∞}
 14914 | Lair:2   | 14914 ||| PLANNING CONVERSION TO OKAWARU
 14914 | Lair:2   | 14914 ||| UPGRADING to +1 pair of boots.
 14919 | Lair:2   | 14919 ||| UPGRADING to +3 pair of seven-league boots
                  | {Rampage+∞}.
 14929 | Lair:2   | 14929 ||| DROPPING +1 pair of boots.
 14930 | Lair:2   | 14930 ||| READING 6 scrolls of identify.
 14930 | Lair:2   | 14930 ||| IDENTIFYING brown potion
 14931 | Lair:2   | 14931 ||| DROPPING potion of lignification.
 14941 | Lair:1   | 14941 ||| PLANNING D:1-11
 14965 | Lair:1   | Killed a boulder beetle
 15064 | D:7      | 15064 ||| Stepping randomly (stuck).
 15065 | D:7      | 15065 ||| PLANNING LAIR
 15135 | Lair:1   | 15135 ||| Stepping ~*~*~tactically~*~*~ (stealth).
 15137 | Lair:1   | 15137 ||| Stepping ~*~*~tactically~*~*~ (stealth).
 15142 | Lair:1   | Reached skill level 15 in Axes
 15231 | Lair:1   | 15231 ||| Stepping ~*~*~tactically~*~*~ (stealth).
 15247 | Lair:1   | 15247 ||| Stepping ~*~*~tactically~*~*~ (stealth).
 15483 | Lair:1   | 15483 ||| Stepping ~*~*~tactically~*~*~ (stealth).
 15486 | Lair:1   | 15486 ||| READING scroll of enchant armour.
 15486 | Lair:1   | 15486 ||| ENCHANTING +2 plate armour of fire resistance.
 15894 | Lair:1   | 15894 ||| READING scroll labelled EKAVUY CAIR.
 15940 | Lair:2   | 15940 ||| STAIRDANCE
 15947 | Lair:2   | 15947 ||| STAIRDANCE
 16136 | Lair:2   | 16136 ||| Stepping ~*~*~tactically~*~*~ (stealth).
 16137 | Lair:2   | 16137 ||| Stepping ~*~*~tactically~*~*~ (stealth).
 16217 | Lair:2   | 16217 ||| Stepping ~*~*~tactically~*~*~ (stealth).
 16281 | Lair:2   | 16281 ||| Stepping ~*~*~tactically~*~*~ (stealth).
 16320 | Lair:2   | 16320 ||| Stepping ~*~*~tactically~*~*~ (stealth).
 16395 | Lair:2   | 16395 ||| Stepping ~*~*~tactically~*~*~ (stealth).
 16576 | Lair:2   | 16576 ||| Stepping ~*~*~tactically~*~*~ (hiding).
 16644 | Lair:2   | 16644 ||| Stepping ~*~*~tactically~*~*~ (stealth).
 16659 | Lair:2   | 16659 ||| Stepping ~*~*~tactically~*~*~ (stealth).
 16660 | Lair:2   | 16660 ||| Stepping ~*~*~tactically~*~*~ (stealth).
 16663 | Lair:2   | 16663 ||| Stepping ~*~*~tactically~*~*~ (stealth).
 16728 | Lair:2   | Found a runed translucent door.
 16737 | Lair:2   | 16737 ||| DRINKING 2 potions of cancellation.
 16768 | Lair:2   | 16768 ||| Stepping ~*~*~tactically~*~*~ (stealth).
 16816 | Lair:2   | 16816 ||| FLEEEEING.
 16918 | Lair:2   | Noticed qw's ghost (journeyman TeWr)
 17006 | Lair:2   | 17006 ||| Stepping ~*~*~tactically~*~*~ (stealth).
 17079 | Lair:2   | 17079 ||| Stepping randomly (stuck).
 17190 | Lair:3   | Reached skill level 16 in Axes
 17342 | Lair:3   | Noticed a five-headed hydra
 17343 | Lair:3   | Noticed a five-headed hydra
 17344 | Lair:3   | 17344 ||| Stepping ~*~*~tactically~*~*~ (stealth).
 17345 | Lair:3   | Noticed a boulder beetle
 17347 | Lair:3   | 17347 ||| Stepping ~*~*~tactically~*~*~ (stealth).
 17349 | Lair:3   | 17349 ||| SWAPPING to +0 morningstar.
 17350 | Lair:3   | 17350 ||| Stepping ~*~*~tactically~*~*~ (outnumbered).
 17351 | Lair:3   | 17351 ||| Stepping ~*~*~tactically~*~*~ (outnumbered).
 17352 | Lair:3   | 17352 ||| Stepping ~*~*~tactically~*~*~ (outnumbered).
 17355 | Lair:3   | 17355 ||| Stepping ~*~*~tactically~*~*~ (outnumbered).
 17358 | Lair:3   | 17358 ||| Stepping ~*~*~tactically~*~*~ (outnumbered).
 17359 | Lair:3   | 17359 ||| Stepping ~*~*~tactically~*~*~ (outnumbered).
 17360 | Lair:3   | 17360 ||| Stepping ~*~*~tactically~*~*~ (outnumbered).
 17361 | Lair:3   | 17361 ||| Stepping ~*~*~tactically~*~*~ (outnumbered).
 17362 | Lair:3   | 17362 ||| Stepping ~*~*~tactically~*~*~ (outnumbered).
 17364 | Lair:3   | 17364 ||| Stepping ~*~*~tactically~*~*~ (outnumbered).
 17365 | Lair:3   | 17365 ||| Stepping ~*~*~tactically~*~*~ (outnumbered).
 17367 | Lair:3   | 17367 ||| Stepping ~*~*~tactically~*~*~ (outnumbered).
 17368 | Lair:3   | 17368 ||| Stepping ~*~*~tactically~*~*~ (outnumbered).
 17369 | Lair:3   | 17369 ||| Stepping ~*~*~tactically~*~*~ (outnumbered).
 17370 | Lair:3   | 17370 ||| Stepping ~*~*~tactically~*~*~ (outnumbered).
 17370 | Lair:3   | HP: 25/103 [five-headed hydra (4)]
 17371 | Lair:3   | 17371 ||| DRINKING 2 potions of heal wounds.
 17372 | Lair:3   | 17372 ||| Stepping ~*~*~tactically~*~*~ (outnumbered).
 17373 | Lair:3   | 17373 ||| Stepping ~*~*~tactically~*~*~ (outnumbered).
 17374 | Lair:3   | 17374 ||| Stepping ~*~*~tactically~*~*~ (outnumbered).
 17376 | Lair:3   | HP: 24/103 [five-headed hydra (7)]
 17377 | Lair:3   | 17377 ||| DRINKING potion of heal wounds.
 17381 | Lair:3   | HP: 14/103 [five-headed hydra (6)]
 17382 | Lair:3   | HP: 5/103 [five-headed hydra (5)]
 17383 | Lair:3   | Killed a five-headed hydra
 17383 | Lair:3   | Mangled by a five-headed hydra

Levels and vault maps discovered:
D:1:      tarquinn_simple_flora_water_c, layout_basic, serial_glass,
          glass_columns_b, glass_columns_a, glass_columns_b, glass_columns_a,
          glass_columns_a, glass_columns_b, serial_shops,
          nicolae_shop_waterfront, basic_ecumenical_altar, minmay_tromino_v2
D:2:      layout_basic
D:3:      corexii_shack_village, layout_loops_ring, serial_shops, shop
D:4:      layout_loops_cross, evilmike_ruin_ashenzari,
          nicolae_overflow_two_pavilions, minmay_temple_entry_sparse_star,
          serial_shops, shop, shop, nicolae_shop_trees, nicolae_square_shop,
          nicolae_shop_bloodbath_and_beyond, uniq_robin
D:5:      layout_basic
D:6:      layout_basic, ebering_ghost_sewer_d, uniq_grinder
D:7:      layout_loops_corners, grunt_temple_overflow_growth_and_decay,
          serial_undead, serial_undead_a, serial_undead_d, serial_undead_f,
          serial_undead_d, serial_undead_f, serial_undead_a, serial_undead_b,
          serial_undead_d, enter_bailey_7
D:8:      layout_basic, nicolae_overflow_quartered_altars
D:9:      layout_roguey, chequers_temple_overflow_statue_of_worship,
          chequers_temple_overflow_minitemple, nzn_wu_jian_contemplation
D:10:     layout_small_grid
D:11:     nzn_winding_woodlands_three_and_one
          [nzn_winding_woodlands_5x15_river_crossing,
          nzn_winding_woodlands_5x15_crooked, nzn_winding_woodlands_5x15_cabin,
          nzn_winding_woodlands_center_lodge], layout_rooms,
          grunt_lair_entry_orc_guard_hut, nicolae_trove_entry_isolated,
          uniq_erica
Lair:1:   layout_roguey, lemuel_fruit_tree
Lair:2:   layout_chaotic_city, ebering_ghost_reflecting_pool,
          hellmonk_guarded_unrand_seven_league_boots, grunt_megastairs_5
Lair:3:   layout_gridlike, minmay_shoals_entry_lonely_mermaid,
          dummy_spider_entry, hangedman_lair_generics_rect, lemuel_fruit_fields,
          serial_bayou_shore_a, uniq_amaemon, uniq_sonja

Skill      XL: |  1  2  3  4  5  6  7  8  9 10 11 12 13 |
---------------+----------------------------------------+-----
Axes           | 4 5 6 7 8 10 12 13 14 16 | 16.0
Dodging        | 1 2 4 |  4.2
Shields        | 2 4 5 6 7 8 |  8.1
Armour         | 2 3 4 5 7 9 10 | 10.0
Fighting       | 4 6 7 8 9 10 | 10.1
Throwing       | 3 4 |  4.6
Spellcasting   | |  1.1
Fire Magic     | |  3.0

Action                   |  1- 3 |  4- 6 |  7- 9 | 10-12 | 13-15 || total
-------------------------+-------+-------+-------+-------+-------++-------
Melee: Hand axe          |   108 |   220 |   326 |   114 |       ||   768
       Kick              |       |    15 |   109 |   113 |       ||   237
       Battleaxe         |       |       |       |    32 |       ||    32
       Executioner's axe |       |       |       |   202 |   195 ||   397
       Morningstar       |       |       |       |    15 |    14 ||    29
Throw: Javelin           |       |       |       |    15 |    11 ||    26
Invok: Fiery Armour      |       |     3 |     2 |     9 |       ||    14
  Use: Scroll            |     5 |     5 |     8 |    11 |     3 ||    32
       Potion            |     1 |     3 |     1 |       |     3 ||     8
 Stab: Distracted        |       |       |       |     1 |       ||     1
Armor: Robe              |    18 |     6 |       |       |       ||    24
       Leather armour    |       |    19 |       |       |       ||    19
       Chain mail        |       |    27 |   167 |   174 |       ||   368
       Plate armour      |       |       |       |    52 |   231 ||   283
Dodge: Dodged            |    64 |    62 |   102 |   144 |   151 ||   523
Block: Buckler           |       |    19 |    53 |   105 |    93 ||   270

Table legend:
 A = Non-vault XP
 B = Vault XP
 C = Vault XP percentage of total XP
 D = Non-vault monster count
 E = Vault monster count
 F = Vault count percentage of total count
                 A         B        C        D         E       F
            +---------+---------+-------+---------+---------+-------
      Total |   25870 |   13545 |  34.4 |     285 |      82 |  22.3
            +---------+---------+-------+---------+---------+-------
        D:1 |      42 |       6 |  12.5 |      23 |       2 |   8.0
        D:2 |      65 |       0 |   0.0 |      26 |       0 |   0.0
        D:3 |     123 |      21 |  14.6 |      27 |       9 |  25.0
        D:4 |     234 |      30 |  11.4 |      18 |       8 |  30.8
        D:5 |     493 |       0 |   0.0 |      10 |       0 |   0.0
        D:6 |     931 |     262 |  22.0 |      15 |       1 |   6.2
        D:7 |     890 |    1772 |  66.6 |      19 |      34 |  64.2
        D:8 |     959 |       0 |   0.0 |      19 |       0 |   0.0
        D:9 |    2652 |       0 |   0.0 |      23 |       0 |   0.0
       D:10 |    1541 |       0 |   0.0 |      18 |       0 |   0.0
       D:11 |    4278 |    7787 |  64.5 |      17 |      18 |  51.4
     Lair:1 |    5525 |     214 |   3.7 |      30 |       1 |   3.2
     Lair:2 |    6380 |    2492 |  28.1 |      35 |       7 |  16.7
     Lair:3 |    1757 |     961 |  35.4 |       5 |       2 |  28.6
            +---------+---------+-------+---------+---------+-------
